 Dungeon Crawl Stone Soup version 0.19.0-20-gbc5f0c6 (webtiles) character file.

28 Djon the Conjurer (level 3, 0/16 HPs)
             Began as a Vine Stalker Conjurer on Nov 16, 2016.
             Slain by a hound (4 damage)
             ... on level 2 of the Dungeon.
             The game lasted 00:03:04 (1311 turns).

Djon the Conjurer (Vine Stalker Conjurer)           Turns: 1311, Time: 00:03:05

Health: 0/16       AC:  2    Str: 10    XL:     3   Next: 14%
Magic:  0/7        EV: 11    Int: 16    God:
Gold:   50         SH:  4    Dex: 14    Spells: 2 memorised, 4 levels left

rFire  . . .     SeeInvis .     j - +3 short sword (vamp)
rCold  . . .     Gourm    .     a - +0 robe
rNeg   . . .     Faith    .     g - +0 buckler (curse)
rPois  .         Spirit   +     (no helmet)
rElec  .         Reflect  .     (no cloak)
rCorr  .         Harm     .     (no gloves)
MR     .....                    (no boots)
Stlth  ++........               (no amulet)
                                (no ring)
                                (no ring)

@: very slightly contaminated
A: fangs 2, magic shield, antimagic bite, no device heal 3, rot immunity
a: no special abilities


You were on level 2 of the Dungeon.
You were not hungry.

You visited 1 branch of the dungeon, and saw 2 of its levels.

You collected 50 gold pieces.

Inventory:

Hand Weapons
 d - a +0 club
 j - a +3 vampiric short sword (weapon)
Armour
 a - a +0 robe (worn)
 g - a cursed +0 buckler (worn)
Scrolls
 e - a scroll of random uselessness {unknown}
 i - a scroll of amnesia {unknown}
 k - a scroll of recharging {unknown}
 l - 2 scrolls of blinking {unknown}
Potions
 h - a potion of mutation {unknown}
Books
 b - a book of Conjurations

   Spells                             Type                      Level
   a - Magic Dart                     Conjuration                  1
   b - Searing Ray                    Conjuration                  2
   c - Dazzling Spray                 Conjuration/Hexes            3
   d - Fulminant Prism                Conjuration/Hexes            4
   e - Iskenderun's Mystic Blast      Conjuration                  4
   f - Iskenderun's Battlesphere      Conjuration/Charms           5
Comestibles
 c - a chunk of flesh
 f - a bread ration


   Skills:
 - Level 0.1 Fighting
 - Level 1.5 Dodging
 - Level 2.4 Stealth
 + Level 1.1 Shields
 + Level 2.6 Spellcasting
 * Level 4.3 Conjurations


You had 4 spell levels left.
You knew the following spells:

 Your Spells              Type           Power        Failure   Level  Hunger
a - Magic Dart            Conj           ###.         4%          1    #......
b - Searing Ray           Conj           ###...       10%         2    ##.....


Dungeon Overview and Level Annotations

Branches:
Dungeon (2/15)

Altars:


Innate Abilities, Weirdness & Mutations

You have extremely sharp teeth.
When hurt, damage is shared between your health and your magic reserves.
Your bite disrupts and absorbs the magic of your enemies.
Potions and wands cannot restore your health.
You are immune to rotting.


Message History

The hound is heavily wounded.
The hound bites you. x2
You miss the hound.
The hound is heavily wounded.
You block the hound's attack.
You closely miss the hound.
The hound is heavily wounded.
The hound bites you. x2
* * * LOW HITPOINT WARNING * * *
You are too injured to fight recklessly!
You are too injured to fight recklessly!
Casting: Magic Dart
Confirm with . or Enter, or press ? or * to list all spells.
Aiming: Magic Dart
Press: ? - help, Shift-Dir - straight line, f/p - hound
Aim: a hound (heavily wounded)
The magic dart hits the hound.
The hound is severely wounded.
The hound bites you.
You die...

#.# #.#
###.###############
#................?#
#........########.#
#......### #.##
###.#### ##†%# #.#
##...# #.# #.@..#
... #.h..# ..
#...### #..## ..#
..# #.# ##


You could see a hound.

Vanquished Creatures
  An adder (D:2)
  A leopard gecko (D:2)
  A giant cockroach (D:1)
  2 goblins
  3 hobgoblins
  4 bats
  A frilled lizard (D:2)
  3 kobolds
  A rat (D:2)
17 creatures vanquished.

Notes
Turn   | Place    | Note
-------+----------+-------------------------------------------
     0 | D:1      | Djon the Vine Stalker Conjurer began the quest for the Orb.
     0 | D:1      | Reached XP level 1. HP: 9/9 MP: 4/4
   673 | D:2      | Reached XP level 2. HP: 13/13 MP: 3/6
  1115 | D:2      | Learned a level 2 spell: Searing Ray
  1194 | D:2      | Reached skill level 1 in Shields
  1194 | D:2      | Reached XP level 3. HP: 16/16 MP: 3/7
  1311 | D:2      | Slain by a hound

Skill      XL: |  1  2 |
---------------+-------+-----
Shields        | 1 |  1.1
Fighting       | |  0.1
Dodging        | |  1.5
Stealth        | |  2.4
Spellcasting   | |  2.6
Conjurations   | |  4.3

Action                   || total
-------------------------++-------
Melee: Short sword       ||    31
       Bite              ||     2
 Cast: Magic Dart        ||    25
 Stab: Sleeping          ||     3
  Eat: Fruit             ||     2
       Bread ration      ||     1
Armor: Robe              ||     6
Dodge: Dodged            ||    17
Block: Buckler           ||     5
